Map: Data-C

Players

Jack

  • Race: Protoss Protoss
  • League: Diamond
  • Spawn Location: 9:00

WAZPINATOR - Winner!

  • Race: Zerg Zerg
  • League: Diamond
  • Spawn Location: 3:00

VOD

Have the link to the VOD?

Description

Time

  • Played on: Oct. 16, 2022, 3:25 a.m.
  • Length: 5:42
Show
View Real Time Build Order
Export as new Build Order

Jack Protoss 

Build Orders: 1 Gate Expand, Oracle Opening 

Get SALT Encoding   

  12  0:00  Probe  
  13  0:12  Probe  
  14  0:19  Pylon  
  14  0:24  Probe  
  15  0:37  Probe  
  15  0:39  Gateway  
  16  0:47  Assimilator  
  16  0:49  Probe  
  17  1:02  Probe (Chrono Boost)  
  18  1:14  Probe (Chrono Boost)  
  19  1:26  Nexus  
  19  1:36  Cybernetics Core  
  19  1:41  Assimilator  
  19  1:44  Probe  
  20  1:56  Probe  
  22  2:11  Adept (Chrono Boost)  
  22  2:12  Pylon  
  22  2:13  Warp Gate  
  23  2:31  Probe (Chrono Boost)  
  23  2:34  Stargate  
  24  2:40  Probe (Chrono Boost), Gateway  
  25  2:49  Probe x2 (Chrono Boost), Adept  
  29  2:54  Probe (Chrono Boost)  
  29  2:58  Probe  
  31  3:06  Probe  
  32  3:14  Probe  
  32  3:15  Oracle (Chrono Boost)  
  32  3:18  Probe  
  37  3:21  Adept  
  39  3:29  Adept  
  39  3:31  Probe (Chrono Boost)  
  42  3:36  Robotics Facility  
  42  3:37  Pylon  
  42  3:40  Probe (Chrono Boost)  
  43  3:45  Probe (Chrono Boost)  
  40  4:17  Stalker x2  
  42  4:18  Probe (Chrono Boost)  
  45  4:27  Probe (Chrono Boost)  
  45  4:29  Nexus  
  46  4:32  Probe (Chrono Boost)  
  46  4:33  Pylon  
  46  4:36  Pylon, Assimilator  
  44  4:40  Assimilator  
  42  4:47  Oracle (Chrono Boost)  
  42  4:52  Stalker x2  
  45  4:54  Probe  
  45  4:57  Shield Battery  
  44  5:06  Probe  
  45  5:10  Robotics Bay  
  45  5:18  Stalker  
  47  5:27  Stalker  
Show
View Real Time Build Order
Export as new Build Order

WAZPINATOR Zerg - Winner!

Build Orders: Hatch First 

Get SALT Encoding   

  12  0:00  Drone  
  13  0:13  Overlord  
  13  0:20  Drone  
  14  0:31  Drone x2  
  16  0:52  Hatchery  
  16  0:55  Drone  
  16  0:58  Drone  
  16  1:03  Drone  
  18  1:06  Extractor  
  18  1:08  Drone  
  18  1:23  Spawning Pool  
  18  1:25  Drone  
  18  1:28  Drone  
  19  1:39  Drone  
  20  1:51  Drone  
  21  2:04  Evolution Chamber  
  21  2:05  Drone x2  
  22  2:14  Queen x2  
  26  2:19  Overlord  
  26  2:28  Drone x2  
  28  2:33  Zerg Melee Weapons Level 1  
  28  2:39  Drone x2  
  30  2:48  Metabolic Boost  
  30  3:02  Overlord  
  29  3:13  Zergling x8  
  29  3:18  Hatchery  
  32  3:26  Zergling x2  
  32  3:27  Zergling x4  
  35  3:28  Drone  
  36  3:35  Drone x3  
  39  3:50  Zergling x2  
  39  3:52  Drone  
  39  3:53  Hatchery  
  35  4:14  Zergling x18  
  43  4:26  Overlord x2  
  43  4:29  Zergling x2  
  43  4:30  Zergling x2  
  45  4:38  Zergling x6  
  48  4:42  Zergling x2  
  49  4:48  Zergling x4  
  50  4:59  Zergling x14  
  57  5:11  Zergling x8  
  57  5:13  Zergling x2  
  60  5:17  Zergling x2  
  60  5:18  Zergling x6  
  60  5:21  Zergling x2  
  63  5:24  Zergling x4  
Tags
 
Add a new tag
Caveats
  • Supply blocks, unpowered buildings, or Contaminate may cause inaccurate times.
  • Supply counts are checked every 10 seconds.